 Dungeon Crawl Stone Soup version 0.30.1 (webtiles) character file.

Game seed: 2161017909957506667

35 monsoonserge the Sneak (level 3, -2/21 HPs)
             Began as a Vampire Brigand on July 6, 2023.
             Slain by a gnoll
             ... wielding a +1 spear of venom
              (9 damage)
             ... on level 2 of the Dungeon.
             The game lasted 00:03:44 (579 turns).

monsoonserge the Sneak (Vampire Brigand)             Turns: 579, Time: 00:03:45

Health: -2/21      AC:  3    Str: 10    XL:     3   Next: 16%
Magic:  3/3        EV: 12    Int: 13    God:
Gold:   57         SH:  0    Dex: 17    Spells: 2/2 levels left

rFire   . . .        j - +1 dagger (drain)
rCold   + + .        (no shield)
rNeg    + + +        b - +0 robe
rPois   ∞            (no helmet)
rElec   .            c - +0 cloak
rCorr   .            (no gloves)
SInv    +            (no boots)
Will    .....        (no amulet)
Stlth   +++++        (no ring)
HPRegen 0.00/turn    (no ring)
MPRegen 0.08/turn

%: no passive effects
@: bloodless, inhibited regen
A: bloodless, fangs 3, see invisible, vampiric 2
a: Bat Form, Revivify


You were on level 2 of the Dungeon.
You visited 1 branch of the dungeon, and saw 2 of its levels.

You collected 57 gold pieces.

Inventory:

Hand Weapons
 j - a +1 dagger of draining (weapon)
Missiles
 d - 9 poisoned darts (quivered)
 e - 3 curare-tipped darts
Armour
 b - a +0 robe (worn)
 c - a +0 cloak (worn)
Jewellery
 l - a ring of ice
Scrolls
 a - a scroll of teleportation {unknown}
 f - a scroll of identify {unknown}
 g - a scroll of silence {unknown}
 k - a scroll of magic mapping {unknown}
 n - a scroll of noise {unknown}
 p - a scroll of fear {unknown}
Potions
 h - a potion of degeneration {unknown}
 i - a potion of heal wounds
 m - a potion of attraction {unknown}
 o - a potion of lignification {unknown}


   Skills:
 + Level 2.2 Fighting
 + Level 3.0 Short Blades
 + Level 2.0 Throwing
 + Level 1.3 Dodging
 - Level 6.0 Stealth


You had 2 spell levels left.
You didn't know any spells.
Your spell library was empty.

Dungeon Overview and Level Annotations

Branches:
Dungeon (2/15)

Altars:


Innate Abilities, Weirdness & Mutations

You do not regenerate when monsters are visible.
You are frail without blood (-20% HP).
You can heal yourself when you bite living creatures.
You are immune to poison.
You have razor-sharp teeth.
You have supernaturally acute eyesight. (SInv)
You are afflicted with vampirism and can become a bat while bloodless.


Message History

* * * LOW HITPOINT WARNING * * *
The gnoll closely misses you.
Unknown command.
Okay, then.
It was a potion of heal wounds.
You feel much better. The hobgoblin misses you.
The gnoll completely misses you.
You closely miss the hobgoblin. Your punch misses the hobgoblin.
The hobgoblin is severely wounded.
The hobgoblin hits you with a staff of conjuration.
The gnoll closely misses you.
A gnoll comes into view. It is wielding a +1 spear of venom.
You hit the hobgoblin but do no damage. You bite the hobgoblin.
You kill the hobgoblin!
The gnoll barely misses you.
Okay, then.
You hit the gnoll but do no damage. You drain the gnoll.
Your bite misses the gnoll.
The gnoll is lightly wounded.
The gnoll barely misses you.
The frilled lizard bites you but does no damage.
The gnoll hits you from afar with a +1 spear of venom.
A gnoll comes into view. It is wielding a +0 spear.
You closely miss the gnoll.
The gnoll is lightly wounded.
You hit the gnoll.
The gnoll is moderately wounded.
The frilled lizard closely misses you. The gnoll barely misses you.
You hit the gnoll.
The gnoll is heavily wounded.
The frilled lizard closely misses you. The gnoll barely misses you.
The gnoll hits you from afar with a +1 spear of venom.
You closely miss the gnoll.
The gnoll is heavily wounded.
The frilled lizard barely misses you.
The gnoll hits you from afar with a +1 spear of venom.
You hit the gnoll but do no damage. You drain the gnoll.
The gnoll is severely wounded.
The frilled lizard bites you. The gnoll barely misses you.
The gnoll hits you from afar with a +1 spear of venom!
You die...

#.....####.. ##..#..#
... #..##.## ...
##..##.# .......
####.)###.# ..#....
#......##.# ###.#.....
#....#.##.####...#.....
#....#.........#....g..
#....####....@l#$.....<
#....# ######ggg......
#....# ##g.......
#....# #$..g.g.......
#....# ##...##.......
#....# ....## .####..
#...># ... .# . ######
.? ## .


You could see 4 gnolls, a goblin and a frilled lizard.

Vanquished Creatures
  A dart slug (D:1)
  3 bats
  4 endoplasms
  2 giant cockroaches (D:1)
  4 hobgoblins
  4 jackals (D:2)
  2 ball pythons (D:1)
  2 frilled lizards (D:1)
  3 goblins
  2 kobolds (D:1)
  2 rats (D:1)
29 creatures vanquished.

Notes
Turn   | Place    | Note
-------+----------+-------------------------------------------
     0 | D:1      | monsoonserge the Vampire Brigand began the quest for the
                  | Orb.
     0 | D:1      | Reached XP level 1. HP: 16/16 MP: 1/1
    41 | D:1      | Reached skill level 6 in Stealth
   118 | D:1      | Reached XP level 2. HP: 14/17 MP: 2/2
   555 | D:2      | Gained mutation: You are afflicted with vampirism and can
                  | become a bat while bloodless. [Vampire growth]
   555 | D:2      | Reached XP level 3. HP: 21/21 MP: 3/3
   579 | D:2      | Slain by a gnoll

Illustrated notes

Levels and vault maps discovered:
D:1:      lightli_arrival_quake, layout_rooms
D:2:      layout_rooms, minmay_misc_feat_hallway

Skill      XL: |  1  2  3 |
---------------+----------+-----
Stealth        | 6 |  6.0
Fighting       | 2 |  2.2
Short Blades   | 3 |  3.0
Throwing       | 2 |  2.0
Dodging        | |  1.3

Action                     || total
---------------------------++-------
  Melee: Dagger            ||    68
         Bite              ||     6
Ability: Exsanguinate      ||     1
    Use: Potion            ||     1
   Stab: Sleeping          ||    14
 Armour: Robe              ||    19
  Dodge: Dodged            ||    49
